 Dungeon Crawl Stone Soup version 0.18-a0-1799-g6250cb2 (webtiles) character file.

65 manyhoops the Chopper (level 3, -2/29 HPs)
             Began as a Demonspawn Gladiator on Apr 23, 2016.
             Slain by Natasha (7 damage)
             ... on level 2 of the Dungeon.
             The game lasted 00:01:43 (724 turns).

manyhoops the Chopper (Demonspawn Gladiator)         Turns: 724, Time: 00:01:43

Health: -2/29      AC:  8    Str: 16    XL:     3   Next: 92%
Magic:  3/3        EV: 11    Int:  9    God:
Gold:   129        SH:  2    Dex: 13    Spells: 0 memorised, 2 levels left

rFire  . . .     SeeInvis .     a - +0 war axe
rCold  . . .     Gourm    .     i - +0 ring mail
rNeg   . . .     Faith    .     (no shield)
rPois  .         Spirit   .     c - +0 helmet
rElec  .         Dismiss  .     (no cloak)
rCorr  .         Reflect  .     (no gloves)
SustAt +         Harm     .     (no boots)
MR     .....                    (no amulet)
Stlth  +.........               (no ring)
                                e - ring of sustain attributes

@: not resistant to hostile enchantments, very unstealthy
A: large bone plates 1, spiny 1
a: no special abilities


You were on level 2 of the Dungeon.
You were not hungry.

You visited 1 branch of the dungeon, and saw 2 of its levels.

You collected 129 gold pieces.

Inventory:

Hand Weapons
 a - a +0 war axe (weapon)
Missiles
 d - 3 throwing nets (quivered)
Armour
 b - a +0 leather armour
 c - a +0 helmet (worn)
 i - a +0 ring mail (worn)
Jewellery
 e - a ring of sustain attributes (left hand)
Scrolls
 h - 5 scrolls of identify {unknown}
 j - a scroll of magic mapping {unknown}
 k - a scroll of remove curse
 l - a scroll of recharging {unknown}
 m - a scroll of enchant armour {unknown}
 n - a scroll of immolation {unknown}
Comestibles
 f - a bread ration
 g - 4 fruits


   Skills:
 * Level 3.2 Fighting
 + Level 3.5 Axes
 - Level 1.7 Throwing
 + Level 0.6 Armour
 - Level 2.6 Dodging


You had 2 spell levels left.
You didn't know any spells.

Dungeon Overview and Level Annotations

Branches:
Dungeon (2/15)

Altars:

Annotations:
D:2 Natasha


Innate Abilities, Weirdness & Mutations

You are partially covered in large bone plates (AC +2, SH +2).
You are partially covered in sharp spines.


Message History

You are too injured to fight recklessly!
You are too injured to fight recklessly!
You are too injured to fight recklessly!
You are too injured to fight recklessly!
You are too injured to fight recklessly!
You are too injured to fight recklessly!
You are too injured to fight recklessly!
You are too injured to fight recklessly!
Unknown command.
You are too injured to fight recklessly!
Unknown command.
You are too injured to fight recklessly!
Unknown command.
You are too injured to fight recklessly!
Unknown command.
You are too injured to fight recklessly!
You barely miss Natasha.
Natasha is severely wounded.
Natasha claws you!
You die...

#...####.....# #..
##..##.#.....####..
##.#...#..........
####......##.#..#...
#..........#.#....<#
###.#.............#.##
######..............)=.....
#......#.#h......#.........
#.######.#@##...##.....####
#.# #.#.##..###.....# #.#
#......## ###.### ###.####
###.#### #.# #......#
###)### #.# ##.#.##.#
#.....# ##.# #.......#
#.....# #..# #..#.##.#
#.....# #.## #..#.##.#
#.....# #.#


You could see Natasha.

Vanquished Creatures
  Natasha (twice) (D:2)
  A dart slug (D:2)
  2 bats (D:2)
  A giant cockroach (D:1)
  2 goblins
  A hobgoblin (D:2)
  2 giant newts (D:1)
  2 kobolds (D:1)
  2 rats (D:1)
15 creatures vanquished.

Notes
Turn   | Place    | Note
--------------------------------------------------------------
     0 | D:1      | manyhoops the Demonspawn Gladiator began the quest for the Orb.
     0 | D:1      | Reached XP level 1. HP: 16/16 MP: 1/1
   347 | D:1      | You fall through a shaft!
   405 | D:2      | Gained mutation: You are partially covered in sharp spines. [demonic ancestry]
   405 | D:2      | Reached XP level 2. HP: 23/23 MP: 2/2
   651 | D:2      | Noticed Natasha
   661 | D:2      | Killed Natasha
   661 | D:2      | Gained mutation: You are partially covered in large bone plates (AC +2, SH +2). [demonic ancestry]
   661 | D:2      | Reached XP level 3. HP: 17/28 MP: 3/3
   697 | D:2      | Noticed Natasha
   704 | D:2      | Killed Natasha
   719 | D:2      | Noticed Natasha
   724 | D:2      | Slain by Natasha

Vault maps used:
D:1:      saegor_arrival_simple_e, serial_bayou_crossing
D:2:      uniq_natasha

Skill      XL: |  1  2  3 |
---------------+----------+-----
Axes           | 3 |  3.5
Fighting       | 3 |  3.2
Throwing       | |  1.7
Armour         | |  0.6
Dodging        | |  2.6

Action                   || total
-------------------------++-------
Melee: War axe           ||    46
  Use: Scroll            ||     1
Armor: Ring mail         ||    15
       Leather armour    ||     3
Dodge: Dodged            ||    26
